 Dungeon Crawl Stone Soup version 0.22-a0-322-g60b3cfd (webtiles) character file.

4108 Amnesiac the Zephyrmancer (level 10, -2/61 HPs)
             Began as a Deep Elf Air Elementalist on Apr 3, 2018.
             Was a Believer of Ashenzari.
             Shot with an arrow by a centaur (11 damage)
             ... on level 9 of the Dungeon.
             The game lasted 00:16:49 (7753 turns).

Amnesiac the Zephyrmancer (DEAE)                    Turns: 7753, Time: 00:16:49

Health: -2/61      AC:  3    Str:  5    XL:     10   Next: 6%
Magic:  1/24       EV: 16    Int: 24    God:    Ashenzari [**....]
Gold:   55         SH:  0    Dex: 15    Spells: 9/26 levels left

rFire    . . .     SeeInvis .   v - +2 dagger (venom)
rCold    . . .     Gourm    .   (no shield)
rNeg     . . .     Faith    .   a - +0 robe
rPois    .         Spirit   .   h - +0 helmet
rElec    .         Reflect  .   (no cloak)
rCorr    .         Harm     .   (no gloves)
MR       +....                  (no boots)
Stlth    ++........             (no amulet)
HPRegen  0.20/turn              (no ring)
MPRegen  0.19/turn              (no ring)

@: very slightly contaminated
A: no striking features
a: Curse Item, Scrying, Renounce Religion


You were on level 9 of the Dungeon.
You worshipped Ashenzari.
Ashenzari was pleased with you.
You were hungry.

You visited 1 branch of the dungeon, and saw 9 of its levels.

You collected 303 gold pieces.
You spent 248 gold pieces at shops.

Inventory:

Hand Weapons
 n - a +0 blowgun
 v - a +2 dagger of venom (weapon)
Missiles
 o - 15 poisoned needles
 t - 6 curare-tipped needles
Armour
 a - a +0 robe (worn)
 h - a +0 helmet (worn)
 y - a cursed +0 pair of gloves
Wands
 b - a wand of paralysis (10)
 z - a wand of polymorph (23)
Scrolls
 d - 6 scrolls of remove curse {!r}
 e - 3 scrolls of enchant weapon {!r, unknown}
 j - 3 scrolls of teleportation {!r}
 k - a scroll of immolation {!r, unknown}
 p - 2 scrolls of amnesia {!r}
 q - 2 scrolls of fog {!r}
 r - 2 scrolls of blinking {!r, unknown}
 s - a scroll of identify {!r}
 w - a scroll of fear {!r}
 x - a scroll of magic mapping {!r}
 A - a scroll of random uselessness {!r, unknown}
 B - a scroll of silence {!r, unknown}
Potions
 f - 2 potions of agility {!q}
 g - a potion of might {!q}
 i - a potion of haste {!q}
 m - a potion of magic {!q}
 u - 2 potions of curing {!q}
Comestibles
 c - 12 rations
 l - 2 chunks of flesh


   Skills:
 * Level 6.7 Fighting
 + Level 6.6 Dodging
 - Level 2.4 Stealth
 + Level 8.5 Spellcasting
 - Level 3.0 Conjurations
 * Level 9.2 Air Magic


You had 9 spell levels left.
You knew the following spells:

 Your Spells              Type           Power        Failure   Level  Hunger
a - Airstrike             Air            ######....   1%          4    ##.....
b - Lightning Bolt        Conj/Air       #####.....   14%         5    ####...
d - Shock                 Conj/Air       ####         1%          1    None
e - Mephitic Cloud        Conj/Pois/Air  ####....     3%          3    None
v - Blink                 Tloc           N/A          10%         2    None
z - Swiftness             Chrm/Air       ####....     1%          2    None


Dungeon Overview and Level Annotations

Branches:
Dungeon (9/15)             Temple (0/1) D:7
   Lair: D:8-11         Orc: D:9-12

Altars:
Ashenzari
Cheibriados
Dithmenos
Gozag
Sif Muna
Trog
Wu Jian
Xom
The Shining One

Shops:
D:4 ?   D:5 *   D:6 ?*[}

Annotations:
D:7 Dowan


Message History

The black bear closely misses you. The black bear claws you.
* * * LOW HITPOINT WARNING * * *
You hit the black bear.
The black bear looks as sick as possible!
The black bear is heavily wounded.
The black bear bites you!
* * * LOW HITPOINT WARNING * * *
The black bear barely misses you. The black bear claws you.
* * * LOW HITPOINT WARNING * * *
You hit the black bear but do no damage.
The black bear looks as sick as possible!
The black bear is heavily wounded.
The black bear misses you. The black bear claws you.
* * * LOW HITPOINT WARNING * * *
The black bear misses you.
Really quaff
u - 3 potions of curing {!q}?
You feel better. The black bear closely misses you. The black bear claws you.
* * * LOW HITPOINT WARNING * * *
The black bear barely misses you.
You completely miss the black bear.
The black bear is severely wounded.
The black bear bites you.
* * * LOW HITPOINT WARNING * * *
The black bear claws you.
* * * LOW HITPOINT WARNING * * *
The black bear claws you but does no damage.
Casting: Airstrike (safe; 1% risk of failure)
Confirm with . or Enter, or press ? or * to list all spells.
Aiming: Airstrike (safe; 1% risk of failure)
Press: ? - help, Dir - move target cursor, f - centaur
Aim: a centaur, wielding a shortbow and wearing a robe The air twists around and strikes the centaur!
The centaur is heavily wounded.
The black bear goes berserk!
Unknown command.
Casting: Airstrike (safe; 1% risk of failure)
Confirm with . or Enter, or press ? or * to list all spells.
Aiming: Airstrike (safe; 1% risk of failure)
Press: ? - help, Dir - move target cursor, f - black bear, p - centaur
Aim: a black bear (almost dead, berserk, fast, unusually strong, poisoned)
Okay, then.
Okay, then.
Okay, then.
Okay, then.
Casting: Airstrike (safe; 1% risk of failure)
Confirm with . or Enter, or press ? or * to list all spells.
Aiming: Airstrike (safe; 1% risk of failure)
Press: ? - help, Dir - move target cursor, f/p - centaur
Aim: a centaur, wielding a shortbow and wearing a robe (heavily wounded)
You miscast Airstrike.
You are very lightly contaminated with residual magic.
Wisps of vapour drift from your hands. The black bear misses you. x2
The black bear barely misses you. The black bear closely misses you.
The black bear completely misses you.
The black bear claws you but does no damage.
Casting: Airstrike (safe; 1% risk of failure)
Confirm with . or Enter, or press ? or * to list all spells.
Aiming: Airstrike (safe; 1% risk of failure)
Press: ? - help, Dir - move target cursor, f - black bear
Aim: a black bear (almost dead, berserk, fast, unusually strong, poisoned)
The air twists around and strikes the black bear!
You kill the black bear!
The centaur shoots an arrow.
The arrow hits you!
You die...

#....###...# #.#*
#...##.##..# #.#,,
##..##...##..# #.# ,
###..##..#..##..#* #.#,
###.h.##..#.#..##..,*#.#
, #...###..#._.#..#*
,... #{#...##..#.#..# ,
,..., #.##...##..#..# .
,... ,
#.......#@...##,.. .....
####.....##.##..## ,
#....c(### .... ,
#....#..# .....,
#....##c#......
#....##........ , ,
#.............≈ ,
#....##........
#.............. *


You could see a centaur.

Vanquished Creatures
  Pikel (D:7)
  A hippogriff (D:7)
  Sigmund (D:3)
  A hog (D:7)
  Duvessa (D:7)
  A water moccasin (D:8)
  A black bear (D:9)
  An orc warrior (D:9)
  An ice beast (D:8)
  2 phantoms
  2 sky beasts (D:5)
  4 ogres
  3 centaurs
  Blork the orc (D:6)
  4 bullfrogs
  A water moccasin skeleton (D:7)
  A scorpion (D:8)
  2 crimson imps
  A gnoll shaman (D:7)
  11 orc wizards
  4 hounds
  A jelly (D:5)
  5 orc priests
  4 bullfrog skeletons
  Jessica (D:2)
  3 iguanas
  7 worker ants
  8 gnolls
  6 adders
  2 shadow imps
  An adder skeleton (D:4)
  3 worms
  2 dart slugs
  6 leopard geckos
  38 orcs
  5 giant cockroaches
  7 goblins
  9 hobgoblins
  3 quokkas
  7 bats
  2 frilled lizards
  5 kobolds
  A leopard gecko skeleton (D:6)
  7 rats
178 creatures vanquished.

Vanquished Creatures (others)
  2 orc wizards (D:7)
2 creatures vanquished.

Grand Total: 180 creatures vanquished

Notes
Turn   | Place    | Note
-------+----------+-------------------------------------------
     0 | D:1      | Amnesiac the Deep Elf Air Elementalist began the quest for the Orb.
     0 | D:1      | Reached XP level 1. HP: 10/10 MP: 6/6
   261 | D:1      | Reached XP level 2. HP: 15/15 MP: 1/8
   269 | D:1      | Learned a level 2 spell: Swiftness
   854 | D:2      | Found a shimmering altar of Xom.
   860 | D:2      | Found a shattered altar of Ashenzari.
   864 | D:2      | Became a worshipper of Ashenzari the Shackled
  1023 | D:2      | Noticed Jessica
  1043 | D:2      | Reached XP level 3. HP: 19/19 MP: 5/10
  1044 | D:2      | Killed Jessica
  1044 | D:2      | Reached skill level 4 in Air Magic
  1152 | D:2      | Found a snail-covered altar of Cheibriados.
  1304 | D:2      | Reached XP level 4. HP: 24/24 MP: 8/12
  1310 | D:2      | Learned a level 4 spell: Airstrike
  1604 | D:3      | Noticed Sigmund
  1774 | D:3      | Reached * piety under Ashenzari
  1779 | D:3      | Found a deep blue altar of Sif Muna.
  1799 | D:3      | Noticed a centaur
  2103 | D:4      | Reached skill level 5 in Air Magic
  2103 | D:4      | Reached XP level 5. HP: 17/28 MP: 8/14
  2205 | D:4      | Found an ornate altar of the Wu Jian Council.
  2334 | D:3      | Killed Sigmund
  2334 | D:3      | Reached skill level 5 in Spellcasting
  2334 | D:3      | Reached skill level 6 in Air Magic
  2334 | D:3      | Reached XP level 6. HP: 32/32 MP: 0/16
  2555 | D:3      | Reached skill level 1 in Fighting
  2808 | D:4      | Found Deur's Magic Scroll Shop.
  2813 | D:4      | Bought a scroll of fog for 28 gold pieces
  3002 | D:4      | Found a bloodstained altar of Trog.
  3013 | D:4      | Reached XP level 7. HP: 40/40 MP: 5/17
  3622 | D:4      | Learned a level 3 spell: Mephitic Cloud
  3625 | D:4      | Learned a level 2 spell: Blink
  3945 | D:5      | Entered Level 5 of the Dungeon
  3947 | D:5      | Reached XP level 8. HP: 48/48 MP: 10/19
  4525 | D:5      | Reached skill level 7 in Air Magic
  4878 | D:5      | Found Gozag's Platinum Reserve.
  4879 | D:5      | Found an opulent altar of Gozag.
  4990 | D:6      | Noticed Blork the orc
  4994 | D:6      | Killed Blork the orc
  5124 | D:6      | Found Fiwkeirph's Magic Scroll Emporium.
  5127 | D:6      | Bought a scroll of amnesia for 45 gold pieces
  5127 | D:6      | Bought a scroll of fear for 45 gold pieces
  5127 | D:6      | Bought a scroll of teleportation for 39 gold pieces
  5127 | D:6      | Bought a scroll of magic mapping for 45 gold pieces
  5127 | D:6      | Bought a scroll of noise for 13 gold pieces
  5361 | D:6      | Found Asymeshi's Assorted Antiques.
  5367 | D:6      | Bought a scroll labeled KEICZE TAOFO for 33 gold pieces
  5377 | D:6      | Reached ** piety under Ashenzari
  5407 | D:6      | Found Arifasaxt's Gadget Boutique.
  5443 | D:6      | Reached skill level 5 in Fighting
  5578 | D:6      | Reached skill level 5 in Dodging
  5680 | D:6      | Reached XP level 9. HP: 44/54 MP: 9/21
  5856 | D:6      | Learned a level 5 spell: Lightning Bolt
  6030 | D:6      | Found a shadowy altar of Dithmenos.
  6067 | D:6      | Found Cigaos's Armour Boutique.
  6344 | D:7      | Noticed Duvessa
  6344 | D:7      | Noticed Dowan
  6364 | D:7      | Killed Duvessa
  6364 | D:7      | Reached skill level 8 in Air Magic
  6532 | D:7      | Found a staircase to the Ecumenical Temple.
  7091 | D:7      | Noticed Pikel
  7095 | D:7      | Killed Pikel
  7137 | D:7      | Reached skill level 9 in Air Magic
  7477 | D:8      | Noticed a two-headed ogre
  7677 | D:9      | Reached XP level 10. HP: 61/61 MP: 15/24
  7711 | D:9      | Found a glowing golden altar of the Shining One.
  7753 | D:9      | Shot with an arrow by a centaur

Vault maps used:
D:1:      scummos_arrival_hexagon, minmay_misc_feat_ornament, amethyst_killhole
D:2:      lemuel_round_altar, amethyst_overflow_temple_binary, uniq_jessica
D:3:      led_sif_pool, first_ration, uniq_sigmund
D:4:      cheibrodos_quashed, kennysheep_mini_moat, lemuel_round_altar,
          serial_shops, nicolae_shop_stone, st_stairs_5
D:5:      nicolae_gozag_zags_fifth_avenue, minmay_misc_feat_more_columns
D:6:      serial_column_ruins, column_ruins_hut, column_ruins_hut,
          column_ruins_grid_4, column_ruins_corridor_straight,
          column_ruins_grid_3, column_ruins_open_small,
          column_ruins_open_medium, column_ruins_columns_water, serial_shops,
          shop, kennysheep_mini, nicolae_shop_trees, nicolae_shop_statue_plus,
          grunt_dithmenos_smoke, uniq_blork_the_orc
D:7:      nicolae_overflow_hidden_temple, minmay_temple_entry_purple_smoke,
          grunt_livestock, uniq_menkaure, uniq_duvessa, uniq_joseph, uniq_pikel
D:8:      nicolae_ru_sacrificial_ziggurat
D:9:      minmay_the_grid_octo_triangle, overflow_temple_1_default, orc_0_dummy,
          tso_metal_star

Skill      XL: |  1  2  3  4  5  6  7  8  9 |
---------------+----------------------------+-----
Spellcasting   | 4 5 6 7 8 |  8.5
Air Magic      | 4 5 6 7 9 |  9.2
Fighting       | 2 4 5 6 |  6.7
Dodging        | 3 5 6 |  6.6
Conjurations   | 3 |  3.0
Stealth        | |  2.4

Action                   |  1- 3 |  4- 6 |  7- 9 | 10-12 || total
-------------------------+-------+-------+-------+-------++-------
Melee: Unarmed           |       |       |     1 |       ||     1
       Flail             |       |       |     2 |       ||     2
       Dagger            |       |       |    48 |    13 ||    61
 Cast: Shock             |    64 |    77 |   103 |       ||   244
       Swiftness         |     1 |       |       |       ||     1
       Airstrike         |       |    13 |   124 |     7 ||   144
       Mephitic Cloud    |       |       |     2 |       ||     2
Evoke: Wand              |       |       |     4 |       ||     4
  Use: Scroll            |     2 |       |     5 |       ||     7
       Potion            |     1 |       |     2 |     1 ||     4
 Stab: Paralysed         |       |       |     4 |       ||     4
       Sleeping          |       |       |       |     1 ||     1
  Eat: Chunk             |     1 |     7 |    24 |       ||    32
Armor: Robe              |     1 |     5 |    11 |     2 ||    19
Dodge: Dodged            |     4 |    18 |    81 |    31 ||   134

Table legend:
 A = Spawn XP
 B = Non-spawn XP
 C = Spawn XP percentage of total XP
 D = Spawn monster count
 E = Non-spawn monster count
 F = Spawn count percentage of total count
 G = Total turns spent on level
                    A         B        C        D         E        F      G
               +---------+---------+-------+---------+---------+-------+---------
         Total |       0 |    5869 |   0.0 |       0 |     178 |   0.0 |  7753
               +---------+---------+-------+---------+---------+-------+---------
           D:1 |       0 |      35 |   0.0 |       0 |      21 |   0.0 |   722
           D:2 |       0 |      76 |   0.0 |       0 |      14 |   0.0 |  1018
           D:3 |       0 |     425 |   0.0 |       0 |      25 |   0.0 |   735
           D:4 |       0 |     791 |   0.0 |       0 |      33 |   0.0 |  1493
           D:5 |       0 |     814 |   0.0 |       0 |      23 |   0.0 |  1022
           D:6 |       0 |     994 |   0.0 |       0 |      24 |   0.0 |  1342
           D:7 |       0 |    1804 |   0.0 |       0 |      24 |   0.0 |   807
           D:8 |       0 |     381 |   0.0 |       0 |       6 |   0.0 |   348
           D:9 |       0 |     549 |   0.0 |       0 |       8 |   0.0 |   266
               +---------+---------+-------+---------+---------+-------+---------
